 Dungeon Crawl Stone Soup version 0.23.0 (webtiles) character file.

Game seed: 1363404347121138989

180 Semilg the Magician (level 5, 0/45 HPs)
             Began as a Troll Wizard on Feb 18, 2019.
             Was a Follower of Zin.
             Slain by a wight
             ... wielding a +4 dagger of freezing
              (6 damage)
             ... on level 3 of the Dungeon.
             The game lasted 00:47:34 (2876 turns).

Semilg the Magician (Troll Wizard)                  Turns: 2876, Time: 00:47:35

Health: 0/45       AC:  6    Str: 15    XL:     5   Next: 33%
Magic:  7/7        EV:  9    Int: 15    God:    Zin [*.....]
Gold:   106        SH:  0    Dex:  8    Spells: 1/8 levels left

rFire    . . .     SeeInvis .   z - +0 war axe
rCold    . . .     Gourm    +   (no shield)
rNeg     . . .     Faith    .   a - +0 robe
rPois    .         Spirit   .   b - +0 hat
rElec    .         Reflect  .   (no cloak)
rCorr    .         Harm     .   (gloves unavailable)
MR       .....                  (boots unavailable)
Stlth    +.........             y - amulet of regeneration
HPRegen  0.95/turn              (no ring)
MPRegen  0.10/turn              (no ring)

@: very heavily drained
A: large, unfitting armour, claws 3, fast metabolism 3, gourmand, regeneration
1, shaggy fur 1, tough skin 3
a: Recite, Donate Gold, Renounce Religion


You were on level 3 of the Dungeon.
You worshipped Zin.
Zin was aware of your devotion.
You were very hungry.

You visited 1 branch of the dungeon, and saw 3 of its levels.

You collected 117 gold pieces.
You donated 11 gold pieces to Zin.

Inventory:

Hand Weapons
 c - a +0 club
 j - a +0 hand axe
 n - a +0 whip
 p - a +0 spear
 q - a +0 short sword
 r - a cursed -3 short sword
 s - a +0 dagger
 w - a +0 trident
 z - a +0 war axe (weapon)
Missiles
 g - 64 arrows
 t - 29 bolts
 u - 7 javelins (quivered)
Armour
 a - a +0 robe (worn)
 b - a +0 hat (worn)
Jewellery
 y - an amulet of regeneration (around neck)
Scrolls
 e - a scroll of magic mapping {unknown}
 h - 3 scrolls of identify {unknown}
 i - 3 scrolls of remove curse {unknown}
 k - 2 scrolls of teleportation {unknown}
 m - a scroll of random uselessness {unknown}
 v - a scroll of fog {unknown}
Potions
 f - 2 potions of lignification {unknown}
 l - 2 potions of resistance {unknown}
 o - a potion of invisibility {unknown}
Comestibles
 d - 3 rations


   Skills:
 - Level 0.2(0.0) Fighting
 + Level 1.7(0.0) Short Blades
 + Level 1.2(0.0) Axes
 * Level 1.0(0.0) Throwing
 + Level 2.4(0.0) Dodging
 + Level 1.2(0.0) Stealth
 + Level 2.4(0.0) Spellcasting
 + Level 1.0(0.0) Conjurations
 + Level 0.7(0.0) Summonings
 + Level 0.6(0.0) Translocations


You had one spell level left.
You knew the following spells:

 Your Spells              Type           Power        Failure   Level  Hunger
a - Magic Dart            Conj           #...         26%         1    ##.....
b - Call Imp              Summ           #.......     38%         2    ###....
c - Blink                 Tloc           N/A          38%         2    ###....
d - Slow                  Hex            #.......     38%         2    ###....

Your spell library contained the following spells:

 Spells                   Type           Power        Failure   Level  Hunger
 Conjure Flame            Conj/Fire      #.......     63%         3    ####...
 Mephitic Cloud           Conj/Pois/Air  #.......     63%         3    ####...


Dungeon Overview and Level Annotations

Branches:
Dungeon (3/15)

Altars:
Fedhas
Makhleb
Zin


Innate Abilities, Weirdness & Mutations

You are too large for most types of armour.
You have claws for hands.
Your metabolism is lightning-fast.
You like to eat raw meat.
Your natural rate of healing is unusually fast.
You are covered in fur. (AC +1)
You have extremely tough skin. (AC +3)


Message History

The wight freezes you.
The wight hits you with a +4 dagger of freezing.
The wight freezes you.
There is a stone staircase leading up here.
You hit the wight.
The wight is lightly damaged.
The wight closely misses you.
You closely miss the wight.
The wight is lightly damaged.
You hit the wight but do no damage.
The wight hits you with a +4 dagger of freezing!
The wight freezes you.
The wight hits you with a +4 dagger of freezing!
The wight freezes you. The wight barely misses you.
The wight hits you with a +4 dagger of freezing!
* * * LOW HITPOINT WARNING * * *
You feel drained.
* * * LOW HITPOINT WARNING * * *
The wight freezes you.
You die...

#####
#...###############
#.............z...#
#...#...#########z#
##@##...### #.#
#.z......#######.#
#.z....<......##..
######...####.####
##########.### #.#
#...8...8..# #z#
#.8.8.8.8.## #.#
##.8.8.8.8.# #.####
#..8...8...# #.....


You could see 2 wights.

Vanquished Creatures
  2 wights (D:3)
  4 adders
  A worm (D:2)
  3 dart slugs
  A leopard gecko (D:2)
  3 bats
  3 giant cockroaches
  4 goblins (D:2)
  6 hobgoblins
  5 jackals
  2 ball pythons
  4 frilled lizards
  A kobold (D:1)
  6 rats
45 creatures vanquished.

Vanquished Creatures (collateral kills)
  A gnoll (D:1)
  A goblin (D:1)
  A hobgoblin (D:1)
  A bat (D:1)
  A frilled lizard (D:2)
  2 kobolds (D:2)
7 creatures vanquished.

Grand Total: 52 creatures vanquished

Notes
Turn   | Place    | Note
-------+----------+-------------------------------------------
     0 | D:1      | Semilg the Troll Wizard began the quest for the Orb.
     0 | D:1      | Reached XP level 1. HP: 16/16 MP: 2/2
   307 | D:1      | Reached XP level 2. HP: 24/24 MP: 0/4
   319 | D:1      | Learned a level 2 spell: Call Imp
   322 | D:1      | Learned a level 2 spell: Blink
  1128 | D:2      | Reached XP level 3. HP: 29/31 MP: 3/5
  1429 | D:2      | Reached skill level 1 in Axes
  1594 | D:2      | Found a burning altar of Makhleb.
  1755 | D:2      | Reached XP level 4. HP: 28/39 MP: 6/6
  1770 | D:2      | Learned a level 2 spell: Slow
  2273 | D:2      | Found a glowing silver altar of Zin.
  2284 | D:2      | Became a worshipper of Zin the Law-Giver
  2363 | D:3      | Found a blossoming altar of Fedhas.
  2553 | D:3      | Reached * piety under Zin
  2719 | D:3      | Reached skill level 1 in Short Blades
  2719 | D:3      | Reached XP level 5. HP: 38/45 MP: 2/7
  2802 | D:3      | Reached skill level 1 in Throwing
  2802 | D:3      | Reached skill level 1 in Conjurations
  2876 | D:3      | Slain by a wight

Skill      XL: |  1  2  3  4  5 |
---------------+----------------+-----
Dodging        | 2 |  2.4
Axes           | 1 |  1.2
Short Blades   | 1 |  1.7
Throwing       | 1 |  1.0
Conjurations   | 1 |  1.0
Fighting       | |  0.2
Stealth        | |  1.2
Spellcasting   | |  2.4
Summonings     | |  0.7
Translocations | |  0.6

Action                   |  1- 3 |  4- 6 || total
-------------------------+-------+-------++-------
Melee: Hand axe          |    65 |       ||    65
       Short sword       |    61 |    95 ||   156
       War axe           |       |    17 ||    17
Throw: Javelin           |     5 |     3 ||     8
 Cast: Magic Dart        |    36 |    12 ||    48
       Call Imp          |     5 |       ||     5
       Blink             |     1 |     1 ||     2
       Slow              |       |     1 ||     1
  Use: Potion            |       |     2 ||     2
  Eat: Chunk             |     7 |     4 ||    11
       Ration            |     2 |     2 ||     4
Armor: Robe              |   122 |    31 ||   153
Dodge: Dodged            |   122 |    49 ||   171
